 Dungeon Crawl Stone Soup version 0.27.1-4-g1640c2035a (webtiles) character file.

Game seed: 8637159482939930228

41 Duder the Cudgeller (level 3, -2/33 HPs)
             Began as a Minotaur Berserker on Nov 5, 2021.
             Was a Believer of Trog.
             Succumbed to a goblin's poison
             ... on level 2 of the Dungeon.
             The game lasted 00:02:29 (867 turns).

Duder the Cudgeller (Minotaur Berserker)             Turns: 867, Time: 00:02:30

Health: -2/33      AC:  3    Str: 22    XL:     3   Next: 32%
Magic:  2/2        EV: 12    Int:  4    God:    Trog [**....]
Gold:   78         SH:  0    Dex:  9    Spells: 2/2 levels left

rFire    . . .     SeeInvis .   f - +0 whip
rCold    . . .     Faith    .   (no shield)
rNeg     . . .     Spirit   .   h - +0 leather armour
rPois    .         Reflect  .   (helmet restricted)
rElec    .         Harm     .   (no cloak)
rCorr    .         Rampage  .   (no gloves)
Will     .....                  (no boots)
Stlth    +.........             (no amulet)
HPRegen  0.11/turn              (no ring)
MPRegen  0.08/turn              (no ring)

@: mighty, lethally poisoned (-2 -> -15)
A: horns 2, retaliatory headbutt
a: Renounce Religion, Berserk, Trog's Hand


You were on level 2 of the Dungeon.
You worshipped Trog.
Trog was pleased with you.
You visited 1 branch of the dungeon, and saw 2 of its levels.

You collected 78 gold pieces.

Inventory:

Hand Weapons
 a - a +0 mace
 f - a +0 whip (weapon)
Missiles
 e - 15 stones (quivered)
 j - 12 poisoned darts
Armour
 b - a +0 animal skin
 h - a +0 leather armour (worn)
Scrolls
 c - a scroll of magic mapping {unknown}
 g - 3 scrolls of fog {unknown}
 i - a scroll of vulnerability {unknown}
 k - 3 scrolls of teleportation {unknown}


   Skills:
 + Level 4.0 Fighting
 * Level 4.4 Maces & Flails
 + Level 3.0 Armour
 + Level 2.6 Dodging


You had 2 spell levels left.
You didn't know any spells.
Your spell library contained the following spells:

 Spells                   Type           Power      Damage    Failure   Level
 Gell's Gravitas          Tloc           0%         N/A       89%         3
 Lesser Beckoning         Tloc           0%         N/A       89%         3
 Teleport Other           Tloc           0%         N/A       89%         3


Dungeon Overview and Level Annotations

Branches:
Dungeon (2/15)

Altars:


Innate Abilities, Weirdness & Mutations

You have a pair of horns on your head.
You reflexively headbutt those who attack you in melee.


Message History

You hit the goblin.
The goblin is severely wounded.
You feel very sick. The goblin barely misses you. You furiously retaliate!
You headbutt the goblin, but do no damage.
You are too injured to fight recklessly!
You are too injured to fight recklessly!
You are too injured to fight recklessly!
You are too injured to fight recklessly!
You are too injured to fight recklessly!
You are too injured to fight recklessly!
You are too injured to fight recklessly!
You are too injured to fight recklessly!
You are too injured to fight recklessly!
You are too injured to fight recklessly!
You are too injured to fight recklessly!
You are too injured to fight recklessly!
You are too injured to fight recklessly!
You are too injured to fight recklessly!
You are too injured to fight recklessly!
You are too injured to fight recklessly!
You are too injured to fight recklessly!
You are too injured to fight recklessly!
You are too injured to fight recklessly!
You are too injured to fight recklessly!
You are too injured to fight recklessly!
You are too injured to fight recklessly!
You closely miss the goblin. You headbutt the goblin.
You kill the goblin!
Trog accepts your kill.
* * * LOW HITPOINT WARNING * * *
You feel very sick.
* * * LOW HITPOINT WARNING * * *
You feel very sick.
You see here a +1 dagger of venom.
* * * LOW HITPOINT WARNING * * *
You feel very sick.
It was a potion of might.
You feel very mighty all of a sudden.
You die...

## ..# ...# ######### ##...
#.......####... ########
#.......(....# .......#
#......>##.<.# .......#
#@.####.†...# .......#
#)##......### .......#
#.##....### .......#
#.##...## .......# #.##...#
.......# ##......# #......
.).....########...#...#
#......
#)###.###.........#...#
#...... #.#
#..##.........#...#####......


There were no monsters in sight!

Vanquished Creatures
  A worm (D:2)
  5 ball pythons
  4 bats
  An endoplasm (D:2)
  2 goblins
  7 hobgoblins
  5 jackals (D:2)
  5 frilled lizards
  3 kobolds
33 creatures vanquished.

Notes
Turn   | Place    | Note
-------+----------+-------------------------------------------
     0 | D:1      | Duder the Minotaur Berserker began the quest for the Orb.
     0 | D:1      | Reached XP level 1. HP: 19/19 MP: 0/0
   138 | D:1      | Reached XP level 2. HP: 19/27 MP: 1/1
   329 | D:1      | Found a faded altar of an unknown god.
   609 | D:2      | Reached XP level 3. HP: 27/33 MP: 2/2
   799 | D:2      | Reached ** piety under Trog
   866 | D:2      | HP: 1/33 [poisoned by a goblin]
   867 | D:2      | Succumbed to a goblin's poison

Illustrated notes

Levels and vault maps discovered:
D:1:      saegor_arrival_miasma, layout_rooms,
          shapermc_ecumenical_altar_mp_highgroup
D:2:      layout_rooms, minmay_small_reverse_x

Skill      XL: |  1  2  3 |
---------------+----------+-----
Maces & Flails | 4 |  4.4
Fighting       | 4 |  4.0
Armour         | 3 |  3.0
Dodging        | |  2.6

Action                   || total
-------------------------++-------
Melee: Mace              ||    19
       Headbutt          ||    11
       Whip              ||    57
  Use: Potion            ||     1
Armor: Leather armour    ||    10
Dodge: Dodged            ||    41
